 Dungeon Crawl Stone Soup version 0.30.1-9-gdf580d7c3d (webtiles) character file.

Game seed: 11134567096863585542

261852 ringo67 the Warrior (level 19, -28/166 HPs)
             Began as an Armataur Fighter on Sept 28, 2023.
             Was the Champion of Hepliaklqana.
             Annihilated by Donald
             ... wielding a +1 heavy long sword
              (44 damage)
             ... on level 3 of the Snake Pit.
             The game lasted 02:01:20 (34981 turns).

ringo67 the Warrior (Armataur Fighter)             Turns: 34981, Time: 02:01:21

Health: -28/166    AC: 26    Str: 28    XL:     19   Next: 92%
Magic:  25/25      EV: 16    Int:  8    God:    Hepliaklqana [******]
Gold:   2593       SH: 14    Dex: 10    Spells: 19/26 levels left

rFire   . . .        k - +5 morningstar (freeze)
rCold   + . .        V - +2 kite shield {rC+}
rNeg    . . .        s - +2 plate armour {rPois}
rPois   +            a - +0 helmet
rElec   .            y - +0 cloak
rCorr   .            (no gloves)
SInv    .            Y - +0 barding
Will    +....        (no amulet) Stlth
                     f - +5 ring of evasion
HPRegen 0.47/turn    Z - +5 ring of evasion
MPRegen 0.19/turn

%: roll
@: studying Maces & Flails
A: reduced essence, large, rugged brown scales 3, deformed body, armoured tail,
roll, long tongue, awkward tongue, dopey 1
a: Renounce Religion, Recall Ancestor, Ancestor Identity, Transference, Idealise


You were on level 3 of the Snake Pit.
You worshipped Hepliaklqana.
Hepliaklqana was exalted by your worship.
You visited 5 branches of the dungeon, and saw 25 of its levels.
You visited the Abyss 1 time.
You also visited: Ossuary, Ice Cave and Volcano.

You collected 4155 gold pieces.
You spent 1562 gold pieces at shops.

Inventory:

Hand Weapons
 k - a +5 morningstar of freezing (weapon)
 N - a +5 morningstar
Missiles
 t - 48 poisoned darts (quivered)
 C - 9 datura-tipped darts
 E - a throwing net
 R - 2 curare-tipped darts
Armour
 a - a +0 helmet (worn)
 g - a +2 tower shield
 l - a +1 chain mail of fire resistance
 s - a +2 plate armour of poison resistance (worn)
 y - a +0 cloak (worn)
 V - a +2 kite shield of cold resistance (worn)
 Y - a +0 barding (worn)
Jewellery
 f - a +5 ring of evasion (left hand)
 n - a +6 ring of strength
 o - the amulet of Elemental Vulnerability {rPois rF-- rC-- AC+8}
   (You found it on level 2 of the Dungeon)

   [amulet of nothing]

   AC:        It affects your AC (+8).
   rF:        It makes you very vulnerable to fire.
   rC:        It makes you very vulnerable to cold.
   rPois:     It protects you from poison.
 r - a ring of positive energy
 B - a ring of protection from cold
 F - a ring of protection from fire
 H - a ring of ice
 J - the ring "Xiddoito" {rPois rN+ Int+4 Stlth-}
   (You found it on level 9 of the Dungeon)

   [ring of positive energy]

   Int:       It affects your intelligence (+4).
   rPois:     It protects you from poison.
   rN:        It protects you from negative energy.
   Stlth:     It makes you less stealthy.
 L - a ring of see invisible
 P - an amulet of regeneration
 Z - a +5 ring of evasion (right hand)
Wands
 h - a wand of polymorph (14)
 m - a wand of roots (20)
 v - a wand of flame (8)
 w - a wand of digging (11)
 O - a wand of charming (20)
 T - a wand of quicksilver (2)
Scrolls
 i - 3 scrolls of identify
 p - 4 scrolls of fear
 D - 5 scrolls of enchant armour
 G - 4 scrolls of amnesia
 M - 10 scrolls of teleportation
 S - 2 scrolls of poison
Potions
 b - 5 potions of attraction
 c - 6 potions of mutation
 d - 5 potions of might
 e - 7 potions of lignification
 j - 13 potions of curing
 q - 4 potions of haste
 u - 2 potions of cancellation
 x - 2 potions of berserk rage
 z - 7 potions of brilliance
 A - 3 potions of magic
 I - 3 potions of invisibility
 K - a potion of heal wounds
 U - a potion of flight
 W - a potion of resistance


   Skills:
 + Level 16.1 Fighting
 - Level 16.0 Maces & Flails
 - Level 4.0 Throwing
 + Level 14.2 Armour
 + Level 9.2 Dodging
 + Level 14.1 Shields
 - Level 4.4 Spellcasting
 - Level 4.7 Transmutations
 - Level 7.6 Invocations


You had 19 spell levels left.
You knew the following spells:

 Your Spells              Type           Power      Damage    Failure   Level
a - Wereblood             Tmut           9%         N/A       50%         2
b - Summon Mana Viper     Hex/Summ       1%         N/A       100%        5

Your spell library contained the following spells:

 Spells                   Type           Power      Damage    Failure   Level
 Beastly Appendage        Tmut           18%        N/A       36%         1
 Passwall                 Tmut/Erth      4%         N/A       83%         2
 Apportation              Tloc           2%         N/A       95%         1
 Kiss of Death            Conj/Necr      4%         2d5       95%         1
 Necrotise                Necr           4%         1d4       95%         1
 Sandblast                Erth           2%         2d4       95%         1
 Summon Small Mammal      Summ           4%         N/A       95%         1
 Spider Form              Tmut/Pois      5%         N/A       96%         3
 Scorch                   Fire           2%         2d5       98%         2
 Sublimation of Blood     Necr           1%         N/A       98%         2
 Call Canine Familiar     Summ           1%         N/A       100%        3
 Confusing Touch          Hex            1%         N/A       100%        3
 Dazzling Flash           Conj/Hex       2%         N/A       100%        3
 Hailstorm                Conj/Ice       1%         3d3       100%        3
 Ozocubu's Armour         Ice            1%         N/A       100%        3
 Portal Projectile        Hex/Tloc       2%         N/A       100%        3
 Stone Arrow              Conj/Erth      2%         3d7       100%        3
 Volatile Blastmotes      Fire/Tloc      2%         2d10      100%        3
 Anguish                  Hex/Necr       0%         N/A       100%        4
 Animate Dead             Necr           1%         N/A       100%        4
 Cause Fear               Hex            0%         N/A       100%        4
 Dispel Undead            Necr           1%         3d6       100%        4
 Flame Wave               Conj/Fire      1%         2d4       100%        4
 Ice Form                 Ice/Tmut       5%         N/A       100%        4
 Iskenderun's Mystic Bla  Conj/Tloc      1%         2d3       100%        4
 Leda's Liquefaction      Hex/Erth       0%         N/A       100%        4
 Petrify                  Tmut/Erth      5%         N/A       100%        4
 Irradiate                Conj/Tmut      2%         3d12      100%        5
 Metabolic Englaciation   Hex/Ice        0%         N/A       100%        5
 Summon Forest            Summ/Tloc      0%         N/A       100%        5
 Simulacrum               Ice/Necr       0%         N/A       100%        6
 Starburst                Conj/Fire      0%         6d3       100%        6
 Summon Cactus Giant      Summ           0%         N/A       100%        6
 Enfeeble                 Hex            0%         N/A       100%        7
 Haunt                    Necr/Summ      0%         N/A       100%        7
 Summon Hydra             Summ           0%         N/A       100%        7
 Infestation              Necr           0%         N/A       100%        8


Dungeon Overview and Level Annotations

Branches:
Dungeon (15/15)            Temple (1/1) D:7            Lair (5/5) D:8
 Shoals (0/4) Lair:3        Snake (3/4) Lair:2        Slime (0/5) Lair:5
    Orc (2/2) D:12            Elf (0/3) Orc:2        Vaults (0/5) D:14
 Depths (0/4) D:15        Ossuary (visited)           IceCv (visited)
Volcano (visited)

Altars:
Ashenzari
Cheibriados
Dithmenos
Elyvilon
Fedhas
Gozag
Hepliaklqana
Kikubaaqudgha
Makhleb
Nemelex Xobeh
Okawaru
Qazlal
Ru
Sif Muna
Trog
Uskayaw
Vehumet
Wu Jian
Xom
Yredelemnul
Zin
The Shining One
Jiyva

Shops:
D:5 *   D:7 (   D:8 (   Orc:1 [   Orc:2 (*[:   Snake:2 :((

Annotations:
D:13 3 runed translucent doors, viagra's ghost, journeyman MiFi
Snake:3 Donald
Orc:1 Erolcha


Innate Abilities, Weirdness & Mutations

Your life essence is reduced to manifest your ancestor. (-10% HP)
You are completely covered in rugged brown scales. (AC +3, +7% HP)
Armour fits poorly on your strangely shaped body.
You have a long armoured tail.
You roll when moving toward enemies. (Rampage)
Your long tongue fully drains potion bottles. (2x potion effects)
Your tongue gives you trouble enunciating. (1.5x scroll delay)
You are dopey. (Int -2)


Message History

Donald is moderately wounded.
Donald hits you but does no damage.
Krumps completely misses Donald.
You bludgeon Donald!! You freeze Donald.
Your tail-slap misses Donald.
Donald is severely wounded.
Donald hits you with a +1 heavy long sword!!!
Donald blocks your attack.
You tail-slap Donald, but do no damage.
Donald is severely wounded.
Krumps hits Donald with a +0 broad axe of flaming.
Krumps burns Donald.
Donald closely misses Krumps.
Donald blocks your attack. x2
Donald is severely wounded.
You hit Donald but do no damage. You tail-slap Donald, but do no damage.
Donald is severely wounded.
Donald says, "What do naga need barding for?"
Donald hits you with a +1 heavy long sword!!
* * * LOW HITPOINT WARNING * * *
Donald blocks Krumps's attack.
You swap places.
You block Donald's attack.
Donald blocks Krumps's attack.
Krumps blocks Donald's attack.
Krumps blocks Donald's attack.
Krumps hits Donald with a +0 broad axe of flaming!
Krumps burns Donald.
Krumps blocks Donald's attack.
Donald blocks Krumps's attack.
Donald says, "I can never work out what any of these scrolls mean."
Donald hits Krumps but does no damage.
Donald closely misses Krumps.
Donald blocks Krumps's attack.
Donald hits Krumps with a +1 heavy long sword!!
Krumps hits Donald with a +0 broad axe of flaming!
Krumps burns Donald.
Krumps blocks Donald's attack.
Donald completely misses Krumps.
Donald blocks Krumps's attack.
Donald says, "I hate mutated serpents."
Krumps blocks Donald's attack.
Krumps barely misses Donald.
Donald blocks your attack.
Donald is almost dead.
Donald hits you with a +1 heavy long sword!!
* * * LOW HITPOINT WARNING * * *
Donald attacks as you move away!
Donald hits you with a +1 heavy long sword!!!
You die...

#.# #.#
#.########
#.#... ..#
####.#.####.#
#.........#.#
#.##.#....#.#
#.##.######@#
#.##......@R#
#.###########
#.. ###


You could see the friendly Krumps the knight (reflecting) and Donald (fast,
strong, ally target, reflecting).

Vanquished Creatures
  Nessos (Lair:4)
  Azrael (Orc:2)
  4 white draconians (IceCv)
  A red draconian (Volcano)
  An ettin (D:15)
  A yaktaur captain (D:12)
  An ice dragon (Lair:1)
  4 hydras
  3 vault guards (D:14)
  A catoblepas (Lair:5)
  3 anacondas
  The ghost of Suaxzy the Cleaver, a novice HOMo of Beogh (D:12)
  3 ogre magi (Orc:2)
  A death knight (D:13)
  3 centaur warriors
  15 two-headed ogres
  7 boulder beetles
  7 death yaks
  2 naga warriors (Snake:3)
  A tengu warrior (D:15)
  3 naga sharpshooters
  A thrashing horror (Abyss:2)
  An orc high priest (Orc:2)
  2 shock serpents
  A fire crab (shapeshifter) (D:13)
  Lodul (D:10)
  4 salamander mystics
  A deep troll (D:15)
  2 orc knights (D:15)
  A wizard (D:15)
  2 phantasmal warriors (D:13)
  Pikel (D:3)
  2 naga ritualists
  4 deep elf pyromancers
  12 ugly things
  3 mana vipers
  6 cyclopes
  3 orc sorcerers
  7 salamanders
  6 manticores
  Maurice (Orc:1)
  17 elephants
  A guardian serpent (Snake:3)
  18 black mambas
  11 slime creatures
  An ice statue (D:14)
  2 molten gargoyles (Volcano)
  3 orange demons (D:15)
  4 naga magi (Snake:1)
  A gargoyle (Volcano)
  2 torpor snails
  8 cane toads
  3 storm dragon simulacra (IceCv)
  5 rime drakes
  2 kobold demonologists
  An unseen horror (D:12)
  10 komodo dragons
  5 golden dragon simulacra (IceCv)
  6 polar bears
  4 trolls
  A raiju (Abyss:2)
  6 hornets
  11 dream sheep
  A snapping turtle (Lair:3)
  18 blink frogs
  2 vampires
  A culicivora (shapeshifter) (D:14)
  8 yaks
  7 wyverns
  A basilisk (shapeshifter) (D:13)
  10 spriggans (Lair:5)
  3 basilisks
  A fire elemental (Orc:2)
  6 vampire mosquitoes
  3 steam dragons
  A warg (Orc:2)
  12 nagas
  3 hell hounds (Orc:2)
  7 water moccasins
  4 acid dragons
  19 orc warriors
  A black bear (Lair:5)
  5 ice dragon simulacra (IceCv)
  34 ogres
  15 wolves
  3 boggarts (Lair:5)
  5 centaurs
  3 kobold brigands
  2 phantoms
  A gnoll sergeant (D:8)
  5 scorpions
  8 bullfrogs
  A cane toad simulacrum (Lair:2)
  9 wights
  3 lindwurm simulacra (IceCv)
  13 killer bees
  2 howler monkeys (D:10)
  2 lava snakes (Lair:2)
  3 hounds
  15 orc priests
  2 gnoll boudas
  2 jellies
  A sleepcap (D:8)
  An iguana (D:7)
  12 orc wizards
  2 troll simulacra (Lair:2)
  A spriggan simulacrum (Lair:2)
  8 mummies (Ossuary)
  11 gnolls
  4 adders
  3 shadow imps
  A white imp (D:8)
  3 ufetubi
  A worm (D:3)
  3 dart slugs
  63 orcs
  6 bats
  3 endoplasms (D:1)
  5 giant cockroaches
  2 gnoll zombies (Ossuary)
  7 goblins
  7 hobgoblins
  9 kobolds
  8 ball pythons
  2 hobgoblin zombies (Ossuary)
  A kobold zombie (Ossuary)
  3 orc zombies (Ossuary)
  8 rats
663 creatures vanquished.

Vanquished Creatures (collateral kills)
  Aizul (Snake:2)
  A draconian knight (IceCv)
  A white draconian (IceCv)
  5 vault guards (D:14)
  An ogre mage (Orc:2)
  5 hydras
  A catoblepas (Lair:5)
  3 anacondas
  A boulder beetle (D:13)
  2 two-headed ogres (Orc:2)
  2 naga warriors
  3 death yaks (Lair:5)
  Nergalle (D:9)
  A fire crab (Lair:4)
  An orange crystal statue (IceCv)
  A naga ritualist (Snake:3)
  A wizard (D:15)
  A phantasmal warrior (D:13)
  2 mana vipers
  8 ugly things
  2 elephants (Lair:5)
  7 salamanders
  4 cyclopes
  2 guardian serpents (Snake:2)
  An orange demon (D:15)
  A gargoyle (D:13)
  4 naga magi
  A storm dragon simulacrum (IceCv)
  A cane toad (Lair:5)
  10 black mambas
  A rime drake (Lair:2)
  An unseen horror (D:10)
  A kobold demonologist (D:13)
  4 komodo dragons
  2 golden dragon simulacra (IceCv)
  A troll (D:12)
  3 polar bears
  A blink frog (Lair:5)
  A raiju (Abyss:2)
  6 dream sheep
  2 slime creatures
  2 spriggans (Lair:5)
  A wraith (D:13)
  6 yaks
  3 wyverns
  2 basilisks
  A vampire mosquito (D:12)
  11 nagas
  4 water moccasins
  A hell hound (Orc:2)
  A black bear (Lair:5)
  An ice dragon simulacrum (IceCv)
  3 orc warriors
  8 ogres
  A boggart (Lair:5)
  6 wolves (Lair:5)
  2 bullfrogs
  A kobold brigand (D:9)
  A scorpion (D:15)
  A cane toad simulacrum (Lair:2)
  A wight (D:9)
  5 killer bees
  A lindwurm simulacrum (IceCv)
  A howler monkey (D:10)
  An orc wizard (Orc:2)
  A gnoll (D:10)
  16 orcs
  A kobold (D:10)
181 creatures vanquished.

Vanquished Creatures (others)
  A wizard (D:14)
  A black mamba (Snake:2)
  4 ancestors
  13 knights
  2 orc wizards
  An orc (D:8)
  A kobold (D:10)
23 creatures vanquished.

Grand Total: 867 creatures vanquished

Notes
Turn   | Place    | Note
-------+----------+-------------------------------------------
     0 | D:1      | ringo67 the Armataur Fighter began the quest for the Orb.
     0 | D:1      | Reached XP level 1. HP: 19/19 MP: 1/1
   331 | D:1      | Reached XP level 2. HP: 26/26 MP: 2/2
   818 | D:1      | Reached XP level 3. HP: 33/33 MP: 3/3
  1854 | D:2      | Found the amulet of Elemental Vulnerability {rPois rF--
                  | rC-- AC+8}
  2153 | D:3      | Reached XP level 4. HP: 37/40 MP: 4/4
  2696 | D:4      | Noticed a bullfrog
  2696 | D:4      | Noticed a lemure
  2697 | D:4      | Noticed a lemure
  2698 | D:4      | Noticed a lemure
  2700 | D:4      | Noticed Pikel
  2701 | D:4      | Noticed a lemure
  2703 | D:4      | Noticed a phantom
  2708 | D:4      | Killed a bullfrog
  2709 | D:4      | Reached XP level 5. HP: 44/48 MP: 5/5
  2734 | D:3      | Killed Pikel
  2735 | D:3      | Reached skill level 5 in Armour
  2735 | D:3      | Reached skill level 5 in Shields
  2735 | D:3      | Reached XP level 6. HP: 14/56 MP: 6/6
  2735 | D:3      | Reached XP level 7. HP: 16/64 MP: 7/7
  3751 | D:4      | Reached skill level 5 in Fighting
  3751 | D:4      | Reached XP level 8. HP: 72/72 MP: 8/8
  3931 | D:4      | Found a snail-covered altar of Cheibriados.
  3931 | D:4      | Found a blossoming altar of Fedhas.
  3932 | D:4      | Found a broken altar of Ashenzari.
  3987 | D:5      | Entered Level 5 of the Dungeon
  4491 | D:5      | Found Myduokesm's Fire Supplies.
  4656 | D:5      | Reached skill level 5 in Maces & Flails
  4816 | D:5      | You fall into a shaft and drop 3 floors!
  4845 | D:8      | Noticed a hornet
  4855 | D:8      | Killed a hornet
  5348 | D:8      | Identified the +2 scale mail of the Cockroach {Int+5}
  5583 | D:7      | Found a staircase to the Ecumenical Temple.
  5599 | Temple   | Entered the Ecumenical Temple
  5713 | Temple   | Became a worshipper of Hepliaklqana the Forgotten
  5776 | D:7      | Reached XP level 9. HP: 77/80 MP: 9/9
  5797 | D:7      | Found a sand-covered staircase.
  5817 | Ossuary  | Entered an ossuary
  6142 | D:7      | Found Huaha's Weapon Boutique.
  7542 | D:8      | Found Ucy Zodgh's Weapon Shoppe.
  7589 | D:8      | Reached * piety under Hepliaklqana
  7753 | D:8      | Noticed a komodo dragon
  7763 | D:8      | Killed a komodo dragon
  7770 | D:8      | Noticed a komodo dragon
  7783 | D:8      | Killed a komodo dragon
  7793 | D:8      | Noticed a komodo dragon
  7800 | D:8      | Killed a komodo dragon
  7801 | D:8      | Reached XP level 10. HP: 56/80 MP: 10/10
  7958 | D:8      | Found a staircase to the Lair.
  8140 | D:9      | Reached skill level 10 in Maces & Flails
  8209 | D:9      | Identified the ring "Xiddoito" {rPois rN+ Int+4 Stlth-}
  9292 | D:10     | Entered Level 10 of the Dungeon
  9293 | D:10     | Found a glowing golden altar of the Shining One.
  9301 | D:10     | Noticed Lodul
  9672 | D:10     | Killed Lodul
 10015 | D:10     | Reached XP level 11. HP: 86/89 MP: 11/11
 10051 | D:10     | Found a sacrificial altar of Ru.
 10057 | D:10     | Noticed Nergalle
 10071 | D:10     | Gained mutation: You are dopey. (Int -2) [a neqoxec]
 10280 | D:9      | Killed Nergalle
 10293 | D:10     | Noticed a sixfirhy
 10297 | D:9      | Noticed a soul eater
 10372 | D:10     | Reached ** piety under Hepliaklqana
 10373 | D:10     | Remembered your ancestor Krumps as a knight
 10422 | D:10     | Found an iron altar of Okawaru.
 10498 | D:10     | Found an opulent altar of Gozag.
 10498 | D:10     | Found a sparkling altar of Nemelex Xobeh.
 10677 | Lair:1   | Entered Level 1 of the Lair of Beasts
 10810 | Lair:1   | Reached skill level 10 in Armour
 10899 | Lair:1   | Reached skill level 1 in Throwing
 11646 | Lair:2   | Reached *** piety under Hepliaklqana
 12304 | Lair:2   | Noticed an ice dragon
 12306 | Lair:2   | Noticed a death yak
 12307 | Lair:2   | Noticed a death yak
 12451 | Lair:2   | Found a staircase to the Snake Pit.
 12466 | Lair:2   | Reached XP level 12. HP: 66/100 MP: 12/12
 12904 | Lair:2   | Killed a death yak
 12912 | Lair:2   | Killed a death yak
 13376 | Lair:1   | Killed an ice dragon
 13868 | Lair:3   | Noticed a seven-headed hydra
 14228 | Lair:3   | Reached skill level 10 in Fighting
 14330 | Lair:3   | Reached **** piety under Hepliaklqana
 14395 | Lair:3   | Noticed a five-headed hydra
 14402 | Lair:3   | Killed a five-headed hydra
 14403 | Lair:3   | Reached skill level 1 in Invocations
 14546 | Lair:3   | Killed a seven-headed hydra
 14623 | Lair:3   | Found a staircase to the Shoals.
 15665 | Lair:4   | Reached XP level 13. HP: 112/112 MP: 16/16
 15737 | Lair:4   | Reached ***** piety under Hepliaklqana
 16169 | Lair:4   | Noticed Nessos
 16180 | Lair:4   | Killed Nessos
 16626 | D:11     | Reached skill level 5 in Invocations
 16796 | D:11     | Found a stormy altar of Qazlal.
 17016 | D:11     | Reached skill level 1 in Dodging
 18222 | D:12     | Found a runed translucent gate.
 18228 | D:12     | Noticed Suaxzy's ghost (novice HOMo)
 18291 | D:12     | Identified 2 scrolls of acquirement
 18292 | D:12     | Acquired a manual of Maces & Flails
 18294 | D:12     | Acquired 690 gold pieces
 18377 | D:12     | Found a staircase to the Orcish Mines.
 18389 | D:12     | Found a runed translucent gate.
 18390 | D:12     | Found a runed translucent gate.
 18419 | Orc:1    | Entered Level 1 of the Orcish Mines
 18456 | Orc:1    | Reached skill level 10 in Shields
 18568 | Orc:2    | Entered Level 2 of the Orcish Mines
 18598 | Orc:2    | Found a staircase to the Elven Halls.
 18826 | Orc:2    | Found a dark tunnel.
 18913 | Volcano  | Entered a volcano
 19013 | Volcano  | Reached skill level 15 in Maces & Flails
 19013 | Volcano  | Reached XP level 14. HP: 123/123 MP: 17/17
 19013 | Volcano  | Reached XP level 15. HP: 129/129 MP: 18/18
 19704 | Volcano  | Noticed an orb of fire
 19774 | Volcano  | Noticed an orb of fire
 19782 | Volcano  | Reached XP level 16. HP: 136/136 MP: 18/20
 20057 | Orc:2    | Noticed Azrael
 20498 | Orc:2    | Reached skill level 5 in Dodging
 20503 | Orc:2    | Killed Azrael
 20945 | Orc:2    | Found Gafreg's Antique Armour Boutique.
 20950 | Orc:2    | Found Numovow's Weapon Shoppe.
 20950 | Orc:2    | Found Ughoal's Assorted Antiques.
 20950 | Orc:2    | Found Doapel's Book Emporium.
 21073 | Orc:2    | Bought a runed plate armour for 858 gold pieces
 21306 | Orc:1    | Found Sirryzao's Armour Boutique.
 21307 | Orc:1    | Noticed Maurice
 21342 | Orc:1    | Killed Maurice
 21383 | Orc:1    | Bought a +0 cloak for 58 gold pieces
 21563 | Orc:1    | Noticed Erolcha
 21567 | Abyss:2  | Cast into level 2 of the Abyss (Erolcha)
 21774 | Orc:1    | Escaped the Abyss
 22019 | D:12     | Killed Suaxzy's ghost
 22036 | D:12     | Reached XP level 17. HP: 93/147 MP: 20/22
 22036 | D:12     | Reached XP level 18. HP: 98/155 MP: 20/23
 22946 | D:13     | Found a runed translucent gate.
 22946 | D:13     | Found a runed translucent gate.
 22946 | D:13     | Found a runed translucent gate.
 22968 | D:13     | Noticed viagra's ghost (journeyman MiFi)
 23304 | D:13     | Reached ****** piety under Hepliaklqana
 23868 | D:14     | Found a gate to the Vaults.
 23991 | D:14     | Found a frozen archway.
 24002 | IceCv    | Entered an ice cave
 26021 | IceCv    | Identified the ring "Yfior" {rN+ rCorr Str-5 Dex+6}
 27186 | D:15     | Entered Level 15 of the Dungeon
 27242 | D:15     | Identified the +6 sling "Hiptiff" {elec, rElec Will++
                  | Str-5}
 27245 | D:15     | Found a staircase to the Depths.
 27308 | D:15     | Reached skill level 15 in Fighting
 27860 | D:15     | Reached XP level 19. HP: 164/164 MP: 24/24
 27937 | D:15     | Found a glowing golden altar of the Shining One.
 28879 | Lair:5   | Entered Level 5 of the Lair of Beasts
 28881 | Lair:5   | Found a staircase to the Slime Pits.
 28881 | Lair:5   | Found a viscous altar of Jiyva.
 29795 | Lair:5   | Learned a level 2 spell: Wereblood
 30044 | Lair:5   | Reached skill level 1 in Transmutations
 30048 | Lair:5   | Reached skill level 1 in Spellcasting
 31299 | Snake:1  | Entered Level 1 of the Snake Pit
 32066 | Snake:1  | Identified the +2 robe of Protective Custody {Contam
                  | *Corrode +Blink Archmagi}
 32712 | Snake:2  | Noticed Aizul
 33133 | Snake:2  | Found Centutt's Antique Weapon Shop.
 33269 | Snake:2  | Found Fimawuni's Antique Weapon Shoppe.
 33337 | Snake:2  | Killed Aizul
 33554 | Snake:2  | Found Moah's Book Boutique.
 33608 | Snake:2  | Bought a book of the Wilderness for 646 gold pieces
 33616 | Snake:2  | Learned a level 5 spell: Summon Mana Viper
 34494 | Snake:3  | Found an ancient bone altar of Kikubaaqudgha.
 34954 | Snake:3  | Noticed Donald
 34981 | Snake:3  | Annihilated by Donald

Illustrated notes

Levels and vault maps discovered:
D:1:      lemuel_arrival_hallway, layout_loops_corners
D:2:      layout_basic, minmay_misc_feat_diagonals
D:3:      layout_basic
D:4:      layout_rooms, gammafunk_temple_overflow_claw, uniq_pikel
D:5:      wad_pebble_path, layout_basic, serial_demonic, serial_demonic_a,
          serial_demonic_e, serial_demonic_f, serial_demonic_g,
          nrook_mini_vaults, nicolae_shop_fire_sale [nicolae_sub_dead_trees],
          minmay_misc_feat_five, guppyfry_early_lair_pool
D:7:      layout_loops_cross, minmay_temple_entry_grid,
          nicolae_ossuary_entry_plus, serial_shops, nicolae_shop_stone
D:8:      layout_rooms, erik_lair_dragon, serial_shops, shop,
          minmay_misc_feat_tiny, minmay_orc_keep
D:9:      layout_small_grid
D:10:     layout_cave_pools, grunt_temple_overflow_opulence,
          mainiacjoe_overflow_catch_the_wave, mainiacjoe_overflow_tiny_flanked,
          uniq_lodul, uniq_nergalle
D:11:     layout_loops_ring, special_room [special_room_orc],
          nicolae_qazlal_eye_of_the_storm
D:12:     layout_rooms, orc_0_dummy, gammafunk_ghost_split
D:13:     layout_irregular_city, gammafunk_ghost_spectres
D:14:     layout_cave_pods, erik_vaults_2, minmay_crystal_room,
          portal_ice_cave_entry_ice_statue_one
D:15:     hangedman_depths_entry_civil_slaughter, layout_irregular_city,
          nicolae_tso_carved_into_rock, grunt_decor_mini_mirrors,
          einodemon_barbed_minivault
Temple:   compressed_dpeg_circular_temple
Lair:1:   layout_chaotic_city
Lair:2:   dreamdust_isle_of_ice, layout_loops_ring,
          nicolae_snake_entry_warm_welcome, infiniplex_staircase_pool,
          lemuel_fruit_tree
Lair:3:   layout_roguey, minmay_shoals_entry_hut
Lair:4:   layout_small_grid, st_stairs_11, pdpol_lair_neglected_garden,
          beast_lair_carwin_10, grunt_megastairs_5, uniq_nessos
Lair:5:   minmay_lair_end_enchanted_forest, layout_misc_corridors,
          minmay_slime_entry_pillars, st_stairs_3,
          chequers_serial_rivers_large_a, amcnicky_mini_pool_medium
Snake:1:  layout_chambers
Snake:2:  layout_rooms, serial_shops, nicolae_book_shop_shelving, shop,
          nicolae_stop_n_shop_1, nicolae_snake_squiggles,
          nicolae_snake_gridmaze_zigzag, uniq_aizul
Snake:3:  layout_basic, basic_altar, grunt_ministairs_7, uniq_donald
Orc:1:    layout_caves, serial_shops, nicolae_shop_waterfront, uniq_erolcha,
          uniq_maurice
Orc:2:    st_orc_ogre_mass, layout_diamond_mine,
          nicolae_volcano_entry_two_sided, rock_pile, uniq_azrael

Skill      XL: |  1  2  3  4  5  6  7  8  9 10 11 12 13 14 15 16 17 18 19 |
---------------+----------------------------------------------------------+-----
Maces & Flails | 2 3 4 5 9 10 11 13 15 16 | 16.0
Armour         | 4 5 6 7 8 9 10 12 14 | 14.2
Fighting       | 3 4 5 6 7 9 11 12 14 15 16 | 16.1
Shields        | 4 5 6 7 8 9 11 12 13 14 | 14.1
Throwing       | 4 |  4.0
Invocations    | 4 5 7 |  7.6
Dodging        | 4 6 8 9 |  9.2
Transmutations | 4 |  4.7
Spellcasting   | 4 |  4.4

Action                     |  1- 3 |  4- 6 |  7- 9 | 10-12 | 13-15 | 16-18 | 19-21 || total
---------------------------+-------+-------+-------+-------+-------+-------+-------++-------
  Melee: Flail             |   134 |    48 |    53 |       |       |       |       ||   235
         Tailslap          |    10 |     6 |    59 |    70 |    61 |   124 |   115 ||   445
         Morningstar       |       |       |   428 |   572 |   358 |   565 |   606 ||  2529
  Throw: Dart              |       |       |       |     9 |       |       |       ||     9
 Invoke: Ancestor Identity |       |       |     1 |     2 |       |       |       ||     3
         Recall Ancestor   |       |       |       |     5 |     5 |     1 |     2 ||    13
         Ancestor Life: Kn |       |       |       |     1 |       |       |       ||     1
         Idealise          |       |       |       |       |       |     4 |     1 ||     5
  Evoke: Wand              |       |       |       |     1 |       |       |       ||     1
    Use: Potion            |       |     1 |     1 |       |     1 |     5 |     1 ||     9
         Scroll            |       |       |    15 |     2 |    15 |     4 |     3 ||    39
   Stab: Distracted        |       |       |     1 |     3 |     1 |     4 |     4 ||    13
         Petrified         |       |       |       |       |       |       |     2 ||     2
 Armour: Scale mail        |    69 |    28 |    94 |       |       |       |       ||   191
         Plate armour      |       |       |    30 |       |       |   230 |   230 ||   490
         Chain mail        |       |       |   135 |   352 |   123 |    12 |       ||   622
  Dodge: Dodged            |    89 |    27 |   266 |   340 |    94 |   203 |   189 ||  1208
         Repelled          |       |       |     2 |     6 |     2 |     1 |       ||    11
  Block: Buckler           |    11 |       |       |       |       |       |       ||    11
         Kite shield       |    14 |    15 |   273 |   385 |   224 |   303 |   366 ||  1580
